 Dungeon Crawl Stone Soup version 0.18.1-48-g4cf74bf (webtiles) character file.

659 tyranidshit the Skirmisher (level 7, -1/68 HPs)
             Began as a Deep Dwarf Necromancer on July 20, 2016.
             Killed by divine providence
             ... invoked by an orc priest
              (10 damage)
             ... on level 5 of the Dungeon.
             The game lasted 00:15:53 (4348 turns).

tyranidshit the Skirmisher (Deep Dwarf Necromancer) Turns: 4348, Time: 00:15:54

Health: -1/68      AC: 16    Str: 14    XL:     7   Next: 30%
Magic:  7/7        EV:  0    Int: 15    God:
Gold:   175        SH:  0    Dex: 13    Spells: 1 memorised, 8 levels left

rFire  + . .     SeeInvis .     l - +0 hand axe
rCold  + . .     Gourm    .     e - +1 gold dragon armour
rNeg   . . .     Faith    .     (no shield)
rPois  +         Spirit   .     (no helmet)
rElec  .         Dismiss  .     (no cloak)
rCorr  .         Reflect  .     (no gloves)
SustAt .         Harm     .     g - +0 pair of boots
MR     +....                    (no amulet)
Stlth  ..........               (no ring)
                                (no ring)

@: non-regenerating, somewhat resistant to hostile enchantments, extremely
unstealthy
A: damage resistance, recharge devices, sense surroundings 1, slow regeneration
3
a: Device Recharging


You were on level 5 of the Dungeon.
You were full.

You visited 1 branch of the dungeon, and saw 5 of its levels.

You collected 175 gold pieces.

Inventory:

Hand Weapons
 i - a +0 short sword
 l - a +0 hand axe (weapon)
 s - a +0 flail
Armour
 e - a +1 gold dragon armour (worn)
 g - a +0 pair of boots (worn)
Wands
 c - a wand of heal wounds (1/9)
Scrolls
 a - a scroll of magic mapping
 j - a scroll of fear
 k - a scroll of noise {unknown}
 o - a scroll of remove curse
 q - a scroll of teleportation {unknown}
Potions
 p - 2 potions of heal wounds
 r - a potion of magic
Books
 b - a book of Necromancy

   Spells                             Type                      Level
   a - Pain                           Necromancy                   1
   b - Animate Skeleton               Necromancy                   1
   c - Vampiric Draining              Necromancy                   3
   d - Regeneration                   Charms/Necromancy            3
   e - Animate Dead                   Necromancy                   4
   f - Control Undead                 Necromancy                   4
 n - a book of Misfortune

   Spells                             Type                      Level
   a - Confusing Touch                Hexes                        2
   b - Confuse                        Hexes                        3
   c - Gell's Gravitas                Hexes/Translocation          3
   d - Petrify                        Transmutation/Earth          4
   e - Metabolic Englaciation         Hexes/Ice                    5
   f - Yara's Violent Unravelling     Hexes/Transmutation          5
Comestibles
 d - 3 bread rations
 f - 3 meat rations
 h - 2 beef jerkies
 m - 3 fruits


   Skills:
 + Level 5.7 Fighting
 - Level 4.2 Armour
 - Level 3.1 Dodging
 - Level 2.4 Stealth
 - Level 1.7 Spellcasting
 - Level 4.3 Necromancy


You had 8 spell levels left.
You knew the following spells:

 Your Spells              Type           Power        Failure   Level  Hunger
a - Pain                  Necr           ##..         100%        1    ##.....


Dungeon Overview and Level Annotations

Branches:
Dungeon (5/15)
 Temple: D:4-7

Altars:
Ashenzari
Dithmenos
Gozag
Qazlal
Ru
Yredelemnul


Innate Abilities, Weirdness & Mutations

You are resistant to damage.
You can recharge devices by infusing magical energy.
You passively map a small area around you.
You do not regenerate naturally.


Message History

Something hits you. Something hits you but does no damage.
Your gold dragon armour prevents you from hitting something.
Something hits you.
* * * LOW HITPOINT WARNING * * *
You miss something. Something hits you but does no damage.
The orc priest looks braver for a moment.
The crimson imp blinks!
You closely miss something. Something hits you.
Something completely misses you.
Your gold dragon armour prevents you from hitting something.
The crimson imp blinks!
Something hits you but does no damage.
The orc priest calls down the wrath of Beogh upon you.
Beogh smites you!
* * * LOW HITPOINT WARNING * * *
Wield which item (- for none, * to show all)? (? for menu, Esc to quit)
l - a +0 hand axe (weapon)
Something hits you but does no damage.
The orc priest mumbles some strange prayers to Beogh against you.
Beogh smites you!
You die...

#.##.# ...#.########
...#........####
.............#.#
...#......ยง..#.###
...#.............#
####.............######
...'..........>.......#
.###.........###@######
)# #.........# #{#
.######......#


#oo ...######....# ##o# [...).# #.#### o# ...##.###.# .. ...##.....# #.*
...##.###.# .. .####.###.# You could see an orc priest and 3 orcs.

Vanquished Creatures
  A centaur (D:5)
  A phantom (D:4)
  An ogre (D:4)
  A giant frog zombie (D:5)
  2 orc priests (D:4)
  A hound (D:4)
  4 orc wizards
  2 worker ants
  6 adders
  An adder skeleton (D:4)
  A worm (D:2)
  2 dart slugs (D:1)
  3 giant geckos
  12 orcs
  4 bats
  A giant cockroach (D:1)
  8 goblins
  6 hobgoblins
  7 kobolds
  5 quokkas
  2 ball python zombies
  A giant cockroach zombie (D:1)
  2 giant newts
  8 rats
  A spectral orc (D:4)
83 creatures vanquished.

Notes
Turn   | Place    | Note
--------------------------------------------------------------
     0 | D:1      | tyranidshit the Deep Dwarf Necromancer began the quest for the Orb.
     0 | D:1      | Reached XP level 1. HP: 15/15 MP: 3/3
   196 | D:1      | Reached skill level 1 in Fighting
   252 | D:1      | Reached XP level 2. HP: 23/25 MP: 0/4
   355 | D:1      | Reached skill level 2 in Fighting
   651 | D:1      | Reached XP level 3. HP: 16/33 MP: 5/5
  1183 | D:2      | Reached skill level 3 in Fighting
  1356 | D:2      | Reached XP level 4. HP: 29/42 MP: 6/6
  1902 | D:3      | Found a shattered altar of Ashenzari.
  2296 | D:3      | Found an opulent altar of Gozag.
  2297 | D:3      | Found a shadowy altar of Dithmenos.
  2440 | D:3      | Reached skill level 1 in Armour
  2714 | D:3      | Found a faded altar to an unknown god.
  2932 | D:4      | HP: 2/42 [orc wizard/magic dart (9)]
  2968 | D:4      | Reached XP level 5. HP: 37/49 MP: 6/6
  3003 | D:4      | Noticed a phantom
  3014 | D:4      | Found a basalt altar of Yredelemnul.
  3190 | D:4      | Killed a phantom
  3238 | D:4      | Reached XP level 6. HP: 27/56 MP: 7/7
  3483 | D:4      | Reached skill level 4 in Fighting
  3779 | D:5      | Entered Level 5 of the Dungeon
  3821 | D:5      | Reached skill level 5 in Fighting
  3821 | D:5      | Reached XP level 7. HP: 27/67 MP: 7/7
  3852 | D:5      | Found a stormy altar of Qazlal.
  3876 | D:5      | Found a sacrificial altar of Ru.
  4348 | D:5      | Killed from afar by an orc priest

Skill      XL: |  1  2  3  4  5  6 |
---------------+-------------------+-----
Fighting       | 1 2 3 5 |  5.7
Armour         | 2 4 |  4.2
Dodging        | 3 |  3.1
Stealth        | |  2.4
Spellcasting   | |  1.7
Necromancy     | |  4.3

Action                   |  1- 3 |  4- 6 |  7- 9 || total
-------------------------+-------+-------+-------++-------
Melee: Unarmed           |    33 |       |       ||    33
       Short sword       |    56 |       |       ||    56
       Hand axe          |    58 |   391 |   125 ||   574
       Flail             |       |       |    56 ||    56
 Cast: Pain              |    14 |       |       ||    14
 Abil: Device Recharging |       |     2 |       ||     2
Evoke: Wand              |     4 |     7 |     3 ||    14
  Use: Potion            |       |     8 |     1 ||     9
       Scroll            |       |     7 |       ||     7
 Stab: Sleeping          |     6 |     1 |       ||     7
  Eat: Bread ration      |     1 |     2 |       ||     3
       Meat ration       |       |       |     1 ||     1
Armor: Robe              |    24 |     2 |       ||    26
       Gold dragon armou |       |   529 |   243 ||   772
Dodge: Dodged            |    97 |    21 |     7 ||   125
